 Dungeon Crawl Stone Soup version 0.32-a0-791-gfc315c9ecd (webtiles) character file.

Game seed: 1737829307960106364

1355 zenocrate the Sneak (level 8, -2/81 HPs)
             Began as an Octopode Earth Elementalist on Mar 20, 2024.
             Slain by a kobold brigand
             ... wielding a +0 club
              (7 damage)
             ... on level 4 of the Dungeon.
             The game lasted 00:04:27 (4518 turns).

zenocrate the Sneak (Octopode Earth Elementalist)   Turns: 4518, Time: 00:04:27

Health: -2/81      AC:  1    Str:  9    XL:     8   Next: 63%
Magic:  11/11      EV: 13    Int: 18    God:
Gold:   176        SH:  0    Dex: 12    Spells: 5/11 levels left

rFire   . .          .
                       - Unarmed
rCold   . . .        (no shield)
rNeg    . . .        (helmet currently unavailable)
rPois   .            (no amulet)
rElec   .            (no ring)
rCorr   .            (no ring)
SInv    .            (no ring)
Will    .....        (no ring) Stlth
                     (no ring)
HPRegen 0.33/turn    (no ring)
MPRegen 0.12/turn    (no ring)
                     (no ring)

%: no passive effects
@: berserking, beast-form, very quick
A: beast (slay +1), almost no armour, amphibious, 8 rings, camouflage 1,
gelatinous body 1, (nimble swimmer 1), tentacles
a: Begin Untransformation


You were on level 4 of the Dungeon.
You were a hulking beast.
You visited 1 branch of the dungeon, and saw 5 of its levels.

You collected 176 gold pieces.

Inventory:

Talismans
 e - a serpent talisman
 q - a beast talisman (active)
Wands
 n - a wand of roots (5)
 r - a wand of digging (6)
Scrolls
 b - a scroll of brand weapon {unknown}
 c - a scroll of blinking {unknown}
 d - a scroll of teleportation {unknown}
 h - 2 scrolls of identify {unknown}
 j - a scroll of summoning {unknown}
 o - a scroll of immolation {unknown}
 p - a scroll of enchant weapon {unknown}
 s - 2 scrolls of fog {unknown}
Potions
 a - a potion of magic
 f - 2 potions of curing
 g - a potion of heal wounds
 i - a potion of berserk rage
 k - a potion of mutation {unknown}
 l - 2 potions of brilliance {unknown}
 m - 2 potions of attraction {unknown}
 t - a potion of enlightenment {unknown}


   Skills:
 + Level 4.9 Fighting
 + Level 4.2 Dodging
 - Level 6.0 Stealth
 * Level 3.8 Unarmed Combat
 - Level 2.0 Spellcasting
 - Level 1.0 Conjurations
 - Level 2.9 Translocations
 - Level 3.0 Earth Magic
 + Level 3.2 Evocations
 + Level 2.8 Shapeshifting


You had 5 spell levels left.
You knew the following spells:

 Your Spells              Type           Power      Damage    Failure   Level
a - Sandblast             Erth           24%        2d8       5%          1
b - Stone Arrow           Conj/Erth      18%        3d8       24%         3
x - Blink                 Tloc           24%        N/A       9%          2

Your spell library contained the following spells:

 Spells                   Type           Power      Damage    Failure   Level
 Magic Dart               Conj           20%        1d4       12%         1
 Passwall                 Erth           12%        N/A       16%         3
 Call Imp                 Summ           2%         N/A       26%         2
 Brom's Barrelling Bould  Conj/Erth      9%         2d3       61%         4
 Petrify                  Alch/Erth      7%         N/A       67%         4


Dungeon Overview and Level Annotations

Branches:
Dungeon (5/15)
 Temple: D:4-7

Altars:
Okawaru
Yredelemnul


Innate Abilities, Weirdness & Mutations

You are a hulking beast.
Your limbs bulge with bestial killing power. (Slay +1)
You cannot wear most types of armour.
You are amphibious.
You can wear up to eight rings at the same time.
Your skin changes colour to match your surroundings (Stealth+).
Your rubbery body absorbs attacks. (AC +1, EV +1)
((You are camouflaged when in or above water. (Stealth+)))
You have tentacles for arms and can constrict up to eight enemies at once.


Message History

Your squeeze misses the kobold brigand. The kobold hits you with a +0 whip.
The kobold brigand hits you with a +0 club!
The gnoll hits you from afar with a +0 spear!
Unknown command.
The kobold attacks as it pursues you! The kobold barely misses you.
The gnoll hits you from afar with a +0 spear!
* * * LOW HITPOINT WARNING * * *
There is a stone staircase leading up, spattered with blood here.
Unknown command.
Unknown command.
Okay, then.
The kobold barely misses you. The gnoll barely misses you.
The kobold brigand hits you with a +0 club.
* * * LOW HITPOINT WARNING * * *
You climb upwards.
There is a stone staircase leading down here.
Unknown command.
Unknown command.
Unknown command.
A red film seems to cover your vision as you go berserk!
You feel yourself moving faster!
You feel mighty! The kobold hits you but does no damage.
The kobold brigand hits you with a +0 club.
* * * LOW HITPOINT WARNING * * *
Unknown command.
Unknown command.
You bludgeon the kobold brigand! You grab the kobold brigand.
The kobold brigand is heavily wounded.
You constrict the kobold brigand. You bludgeon the kobold!
You kill the kobold!
You constrict the kobold brigand.
The kobold brigand hits you with a +0 club!
* * * LOW HITPOINT WARNING * * *
Unknown command.
You tentacle-slap the kobold brigand.
The kobold brigand is almost dead.
You constrict the kobold brigand.
The kobold brigand hits you with a +0 club!
You die...

###########
#.........############
#########......)(K##.........#
......)))).....)h)##.#######.#
#########.........##.#....##.#
#####.........##.#.##.##.#
#........(....##.#.##.##.#
#.##.#.#[#....##.#.......#
#.##..(..)............####
####'##.#.#รท#..'#.#<......##
#.............#.#.#........#
#.......#.#.#.#.#..........#


You could see a kobold brigand.

Vanquished Creatures
  Pikel (D:4)
  Grinder (D:4)
  Menkaure (D:4)
  An ice beast (D:5)
  A lemure (D:4)
  A weeping skull (D:4)
  A scorpion (D:4)
  A howler monkey (D:4)
  A hound (D:4)
  An orc priest (D:4)
  Crazy Yiuf (D:3)
  A sleepcap (D:2)
  An orc wizard (D:4)
  Robin (D:4)
  2 gnolls
  7 adders
  A ribbon worm (D:2)
  6 orcs
  7 bats
  6 endoplasms
  3 giant cockroaches
  18 goblins
  6 hobgoblins
  6 jackals
  15 kobolds
  A quokka (D:3)
  6 ball pythons
  6 frilled lizards
  3 rats
  A spectral orc (D:4)
108 creatures vanquished.

Notes
Turn   | Place    | Note
-------+----------+-------------------------------------------
     0 | D:1      | zenocrate the Octopode Earth Elementalist began the quest
                  | for the Orb.
     0 | D:1      | Reached XP level 1. HP: 11/11 MP: 3/3
   104 | D:1      | Reached skill level 3 in Stealth
   118 | D:1      | Reached XP level 2. HP: 18/18 MP: 5/5
   255 | D:1      | Reached skill level 1 in Fighting
   316 | D:1      | Reached skill level 1 in Unarmed Combat
   381 | D:1      | Reached XP level 3. HP: 23/23 MP: 6/6
   620 | D:1      | Learned a level 2 spell: Blink
   624 | D:1      | Learned a level 3 spell: Stone Arrow
  1132 | D:2      | Reached XP level 4. HP: 27/28 MP: 7/7
  2120 | D:3      | Reached XP level 5. HP: 34/34 MP: 8/8
  2166 | D:3      | Found a runed translucent door.
  2167 | D:3      | Noticed Crazy Yiuf
  2307 | D:3      | Found an iron altar of Okawaru.
  2418 | D:3      | Reached skill level 4 in Stealth
  2781 | D:3      | Killed Crazy Yiuf
  2782 | D:3      | Reached skill level 1 in Translocations
  2782 | D:3      | Reached skill level 1 in Shapeshifting
  2885 | D:4      | Noticed Pikel
  2885 | D:4      | Noticed a lemure
  2885 | D:4      | Noticed a lemure
  2885 | D:4      | Noticed a lemure
  2885 | D:4      | Noticed a lemure
  2978 | D:4      | Noticed Menkaure
  2999 | D:4      | Reached XP level 6. HP: 27/41 MP: 7/9
  3140 | D:4      | Noticed Grinder
  3149 | D:4      | Killed Grinder
  3150 | D:4      | Reached skill level 1 in Evocations
  3203 | D:4      | Reached XP level 7. HP: 25/46 MP: 10/10
  3263 | D:4      | Killed Pikel
  3264 | D:4      | Reached skill level 5 in Stealth
  3264 | D:4      | Reached XP level 8. HP: 16/54 MP: 9/11
  3621 | D:4      | Noticed Robin
  3629 | D:4      | Killed Robin
  4039 | D:4      | Found a basalt altar of Yredelemnul.
  4082 | D:4      | Killed Menkaure
  4083 | D:4      | Reached skill level 6 in Stealth
  4128 | D:5      | Entered Level 5 of the Dungeon
  4518 | D:4      | Slain by a kobold brigand

Illustrated notes

Levels and vault maps discovered:
D:1:      nicolae_arrival_washed_ashore, layout_basic
D:2:      layout_loops_ring
D:3:      layout_basic, lemuel_coloured_pillars_altar, uniq_crazy_yiuf_cottage
D:4:      layout_basic, yredelemnul_forgotten_temple_becter, serial_glass,
          glass_columns_b, glass_columns_b, uniq_pikel, uniq_robin,
          uniq_menkaure, uniq_grinder
D:5:      layout_rooms, uniq_blork_the_orc

Skill      XL: |  1  2  3  4  5  6  7  8 |
---------------+-------------------------+-----
Stealth        | 3 4 5 6 |  6.0
Fighting       | 1 2 3 4 |  4.9
Unarmed Combat | 1 2 3 |  3.8
Translocations | 1 2 |  2.9
Shapeshifting  | 1 2 |  2.8
Dodging        | 3 4 |  4.2
Evocations     | 1 2 3 |  3.2
Spellcasting   | |  2.0
Conjurations   | |  1.0
Earth Magic    | |  3.0

Action                     |  1- 3 |  4- 6 |  7- 9 || total
---------------------------+-------+-------+-------++-------
  Melee: Unarmed           |    64 |    86 |    80 ||   230
         Constrict         |    24 |    25 |    16 ||    65
         Tentacles         |    21 |    29 |    17 ||    67
         Punch             |     2 |     5 |     2 ||     9
   Cast: Sandblast         |     4 |     7 |    10 ||    21
         Stone Arrow       |       |     1 |       ||     1
  Evoke: Wand              |       |     1 |     2 ||     3
    Use: Potion            |       |     2 |     6 ||     8
   Stab: Sleeping          |     6 |    11 |     2 ||    19
         Distracted        |     1 |       |       ||     1
 Armour: Skin              |    25 |    44 |    60 ||   129
  Dodge: Dodged            |    44 |    52 |    55 ||   151
   Form: Beast             |       |     1 |       ||     1

Table legend: (Time is in decaauts)
 A = Elapsed time spent in this place.
 B = Non-inter-level travel time spent in this place.
 C = Inter-level travel time spent in this place.
 D = Time resting spent in this place.
 E = Time spent auto-exploring this place.
 F = Levels seen in this place.
 G = Mean time per level.
                   A        B        C        D        E       F      G
               +--------+--------+--------+--------+--------+-----+--------+
         Total |   4534 |   4341 |    193 |      9 |   3565 |   5 |  906.8 |
       Dungeon |   4534 |   4341 |    193 |      9 |   3565 |   5 |  906.8 |
               +--------+--------+--------+--------+--------+-----+--------+

Top non-repeatable levels by time:
     D:4: 1546 daAuts
     D:3: 1091 daAuts
     D:1: 1036 daAuts
     D:2: 797 daAuts
     D:5: 61 daAuts
